 Dungeon Crawl Stone Soup version 0.18.1-48-g4cf74bf (webtiles) character file.

146 HEYYEYAAE the Chiller (level 5, -6/40 HPs)
             Began as a Draconian Ice Elementalist on Sept 1, 2016.
             Killed from afar by an orc wizard (10 damage)
             ... with a puff of flame
             ... on level 3 of the Dungeon.
             The game lasted 00:04:17 (2743 turns).

HEYYEYAAE the Chiller (Draconian Ice Elementalist)  Turns: 2743, Time: 00:04:18

Health: -6/40      AC:  5    Str: 10    XL:     5   Next: 7%
Magic:  1/10       EV: 12    Int: 17    God:
Gold:   106        SH:  0    Dex: 11    Spells: 1 memorised, 9 levels left

rFire  . . .     SeeInvis .     s - +4 dagger (venom)
rCold  . . .     Gourm    .     (armour unavailable)
rNeg   . . .     Faith    .     (no shield)
rPois  .         Spirit   .     (helmet restricted)
rElec  .         Dismiss  .     (no cloak)
rCorr  .         Reflect  .     (no gloves)
SustAt .         Harm     .     (no boots)
MR     .....                    (no amulet)
Stlth  +++.......               (no ring)
                                g - ring of stealth

@: very slightly contaminated, not resistant to hostile enchantments, fairly
stealthy
A: unfitting armour, cold-blooded, AC +5
a: no special abilities


You were on level 3 of the Dungeon.
You were very hungry.

You visited 1 branch of the dungeon, and saw 3 of its levels.

You collected 106 gold pieces.

Inventory:

Hand Weapons
 s - a +4 dagger of venom (weapon)
Jewellery
 g - a ring of stealth (left hand)
Scrolls
 e - 6 scrolls of teleportation {unknown}
 f - 6 scrolls of identify {unknown}
 k - a scroll of enchant armour {unknown}
 l - a scroll of immolation {unknown}
 m - 2 scrolls of fog {unknown}
 o - a scroll of fear {unknown}
 q - a scroll of noise {unknown}
Potions
 d - a potion of brilliance {unknown}
 h - a potion of ambrosia {unknown}
 n - a potion of cancellation
 p - a potion of mutation {unknown}
 r - a potion of agility
Books
 a - a book of Frost

   Spells                             Type                      Level
   a - Freeze                         Ice                          1
   b - Throw Frost                    Conjuration/Ice              2
   c - Ozocubu's Armour               Charms/Ice                   3
   d - Throw Icicle                   Conjuration/Ice              4
   e - Summon Ice Beast               Ice/Summoning                4
Comestibles
 b - 2 bread rations
 c - 2 meat rations
 i - a slice of pizza


   Skills:
 + Level 1.5 Fighting
 + Level 2.2 Dodging
 - Level 1.7 Stealth
 * Level 3.4 Spellcasting
   Level 1.0 Conjurations
 * Level 4.1 Ice Magic


You had 9 spell levels left.
You knew the following spells:

 Your Spells              Type           Power        Failure   Level  Hunger
a - Freeze                Ice            ###.         2%          1    None


Dungeon Overview and Level Annotations

Branches:
Dungeon (3/15)

Altars:
Yredelemnul
The Shining One

Annotations:
D:3 Robin


Innate Abilities, Weirdness & Mutations

Your plain brown scales are hard (AC +5).
Your body does not fit into most forms of armour.
You are cold-blooded and may be slowed by cold attacks.


Message History

Unknown command.
Casting: Freeze
Confirm with . or Enter, or press ? or * to list all spells.
Aiming: Freeze
Press: ? - help, Shift-Dir - straight line, f - orc wizard
Aim: an orc wizard, wielding a dagger and wearing a robe (fast)
You miscast Freeze.
You are very lightly contaminated with residual magic.
Nothing appears to happen.
The orc wizard barely misses you.
Unknown command.
Casting: Freeze
Confirm with . or Enter, or press ? or * to list all spells.
Aiming: Freeze
Press: ? - help, Shift-Dir - straight line, f/p - orc wizard
Aim: an orc wizard, wielding a dagger and wearing a robe (fast)
You freeze the orc wizard.
The orc wizard is lightly wounded.
The orc wizard gestures at you while chanting.
The puff of flame hits you!
You die...

#..### #.###.## #s# #####....#
#.##...## #.# #......#.#
#.......# #.# #.####.#.#
####))..# #.# #.# #.#.# #)#
#.# #.# #.#.# #.# #.# ##.#
#.#.# #.# #.# ##.#
#.#.#######)# #.####
##.####........o@.#
#######.....
...........########
.........### .########...##
#######.## #
########.....########## #.#
......................######.#
########.....########....s...#
##...## ########## ##..##
#...#


You could see an orc wizard.

Vanquished Creatures
  An orc wizard (D:3)
  3 adders
  3 dart slugs
  A giant gecko (D:3)
  9 orcs (D:3)
  3 giant cockroaches
  13 goblins
  9 hobgoblins
  2 jackals (D:3)
  6 kobolds
  2 ball pythons
  4 bats
  6 giant newts
  9 rats
71 creatures vanquished.

Notes
Turn   | Place    | Note
--------------------------------------------------------------
     0 | D:1      | HEYYEYAAE the Draconian Ice Elementalist began the quest for the Orb.
     0 | D:1      | Reached XP level 1. HP: 14/14 MP: 3/3
   581 | D:1      | Reached XP level 2. HP: 17/22 MP: 1/5
  1455 | D:2      | Reached XP level 3. HP: 27/27 MP: 2/6
  1505 | D:2      | Reached skill level 1 in Fighting
  1975 | D:3      | Reached XP level 4. HP: 10/35 MP: 3/8
  2137 | D:3      | Found a glowing golden altar of the Shining One.
  2139 | D:3      | Noticed an angel
  2168 | D:3      | Noticed Robin
  2223 | D:3      | HP: 1/35 [poisoned by a goblin]
  2590 | D:3      | Found a basalt altar of Yredelemnul.
  2735 | D:3      | Reached skill level 4 in Ice Magic
  2735 | D:3      | Reached XP level 5. HP: 9/40 MP: 4/10
  2743 | D:3      | Killed from afar by an orc wizard

Skill      XL: |  1  2  3  4 |
---------------+-------------+-----
Dodging        | 2 |  2.2
Fighting       | 1 |  1.5
Spellcasting   | 3 |  3.4
Ice Magic      | 4 |  4.1
Stealth        | |  1.7
Conjurations   | |  1.0

Action                   |  1- 3 |  4- 6 || total
-------------------------+-------+-------++-------
Melee: Unarmed           |   105 |       ||   105
       Tailslap          |     7 |     2 ||     9
       Dagger            |    43 |    45 ||    88
 Cast: Freeze            |    26 |    22 ||    48
  Use: Potion            |     1 |     3 ||     4
 Stab: Sleeping          |     8 |     5 ||    13
  Eat: Chunk             |     4 |     1 ||     5
Armor: Skin              |    52 |    10 ||    62
Dodge: Dodged            |    98 |    41 ||   139
